 Dungeon Crawl Stone Soup version 0.28.0-53-g5a82cb258f (webtiles) character file.

Game seed: 7561684635164554416

96019 quixfox the Bludgeoner (level 16, -3/108 HPs)
             Began as a Gargoyle Fighter on July 15, 2022.
             Was the Champion of the Shining One.
             Blown up by a cacodemon (25 damage)
             ... with a bolt of energy
             ... summoned by Asterion
             ... on level 3 of the Lair of Beasts on July 16, 2022.
             The game lasted 01:44:32 (30274 turns).

quixfox the Bludgeoner (Gargoyle Fighter)          Turns: 30274, Time: 01:44:33

Health: -3/108     AC: 35    Str: 24    XL:     16   Next: 15%
Magic:  0/22       EV:  9    Int:  9    God:    the Shining One [******]
Gold:   1977       SH: 19    Dex: 11    Spells: 15/15 levels left

rFire   . . .      SeeInvis .   a - +2 morningstar (vorpal)
rCold   + . .      Faith    .   f - +2 tower shield
rNeg    + + +      Spirit   +   y - +1 plate armour {rPois}
rPois   ∞          Reflect  .   (helmet restricted)
rElec   +          Harm     .   s - +1 cloak
rCorr   .          Rampage  .   D - +1 pair of gloves
Will    +....                   (no boots)
Stlth   ..........              G - amulet of guardian spirit
HPRegen 0.28/turn               R - ring of protection from cold
MPRegen 0.18/turn               n - +4 ring of evasion

@: about to teleport, flying, hasted and slowed, glowing
A: sickness immunity, AC +12, big wings, negative energy resistance 1,
electricity resistance, torment resistance 1, petrification resistance, horns 1,
dopey 1, sense surroundings 1
a: Renounce Religion, Divine Shield, Cleansing Flame, Summon Divine Warrior,
Brand Weapon With Holy Wrath


You were on level 3 of the Lair of Beasts.
You worshipped the Shining One.
The Shining One was exalted by your worship.
You visited 5 branches of the dungeon, and saw 25 of its levels.
You visited the Abyss 1 time.
You also visited: Sewer and Ossuary.

You collected 2019 gold pieces.
You spent 42 gold pieces at shops.

Inventory:

Hand Weapons
 a - a +2 vorpal morningstar (weapon)
 b - a +0 hand crossbow
Missiles
 e - 2 throwing nets
 k - 16 javelins
 r - 29 boomerangs (quivered)
 I - 61 bolts
Armour
 f - a +2 tower shield (worn)
 q - a +2 helmet
 s - a +1 cloak (worn)
 y - a +1 plate armour of poison resistance (worn)
 D - a +1 pair of gloves (worn)
 P - the +1 helmet of the Depths {Regen+}
   (You found it on level 2 of the Lair of Beasts)

   Regen:     It increases your rate of health regeneration.
Jewellery
 n - a +4 ring of evasion (right hand)
 u - a +6 ring of dexterity
 G - an amulet of guardian spirit (around neck)
 J - a ring of see invisible
 R - a ring of protection from cold (left hand)
 T - an amulet of the acrobat
Wands
 l - a wand of iceblast (35)
 t - a wand of polymorph (24)
 v - a wand of flame (20)
 C - a wand of paralysis (3)
 E - a wand of charming (13)
 L - a wand of mindburst (6)
Scrolls
 m - 3 scrolls of fear
 o - 11 scrolls of teleportation
 p - a scroll of holy word
 w - a scroll of summoning
 A - 6 scrolls of magic mapping
 B - 3 scrolls of enchant weapon
 F - 21 scrolls of identify
 H - 5 scrolls of fog
 Q - 3 scrolls of amnesia
Potions
 c - 2 potions of berserk rage
 d - 3 potions of lignification
 h - 4 potions of cancellation
 i - 6 potions of brilliance
 j - 3 potions of invisibility
 x - a potion of haste
 z - 15 potions of curing
 K - 3 potions of mutation
 M - 3 potions of magic
 N - a potion of heal wounds
 O - 4 potions of attraction
 S - 2 potions of might


   Skills:
 + Level 15.1 Fighting
 - Level 16.6 Maces & Flails
 + Level 15.1 Armour
 + Level 13.0 Shields
 - Level 8.0 Invocations


You had 15 spell levels left.
You didn't know any spells.
Your spell library contained the following spells:

 Spells                   Type           Power      Damage    Failure   Level
 Apportation              Tloc           0%         N/A       100%        1
 Magic Dart               Conj           0%         1d3       100%        1
 Sting                    Tmut/Pois      0%         1d3       100%        1
 Blink                    Tloc           0%         N/A       100%        2
 Corpse Rot               Necr/Air       0%         N/A       100%        2
 Poisonous Vapours        Pois/Air       0%         N/A       100%        2
 Searing Ray              Conj           0%         2d4       100%        2
 Dazzling Flash           Conj/Hex       0%         N/A       100%        3
 Frozen Ramparts          Ice            0%         1d2       100%        3
 Gell's Gravitas          Tloc           0%         N/A       100%        3
 Ignite Poison            Fire/Tmut/Pois 0%         N/A       100%        3
 Lesser Beckoning         Tloc           0%         N/A       100%        3
 Mephitic Cloud           Conj/Pois/Air  0%         N/A       100%        3
 Teleport Other           Tloc           0%         N/A       100%        3
 Anguish                  Hex/Necr       0%         N/A       100%        4
 Fulminant Prism          Conj/Hex       0%         3d6       100%        4
 Ice Form                 Ice/Tmut       0%         N/A       100%        4
 Olgreb's Toxic Radiance  Pois           0%         N/A       100%        4
 Summon Ice Beast         Ice/Summ       0%         N/A       100%        4
 Summon Lightning Spire   Summ/Air       0%         N/A       100%        4
 Agony                    Necr           0%         N/A       100%        5
 Alistair's Intoxication  Tmut/Pois      0%         N/A       100%        5
 Freezing Cloud           Conj/Ice/Air   0%         6-21      100%        5
 Iskenderun's Battlesphe  Conj           0%         2d6       100%        5
 Manifold Assault         Tloc           0%         N/A       100%        5
 Silence                  Hex/Air        0%         N/A       100%        5
 Summon Mana Viper        Hex/Summ       0%         N/A       100%        5
 Yara's Violent Unravell  Hex/Tmut       0%         3d3       100%        5
 Dispersal                Tloc           0%         N/A       100%        6
 Iron Shot                Conj/Erth      0%         9d1       100%        6
 Monstrous Menagerie      Summ           0%         N/A       100%        7
 Spellforged Servitor     Conj/Summ      0%         N/A       100%        7
 Storm Form               Tmut/Air       0%         N/A       100%        7
 Lehudib's Crystal Spear  Conj/Erth      0%         10d2      100%        8
 Maxwell's Capacitive Co  Air            0%         ∞         100%        8


Dungeon Overview and Level Annotations

Branches:
Dungeon (15/15)            Temple (1/1) D:7            Lair (6/6) D:11
 Shoals (0/4) Lair:2       Spider (1/4) Lair:3        Slime (0/5) Lair:6
    Orc (2/2) D:12            Elf (0/3) Orc:2        Vaults (0/5) D:13
 Depths (0/4) D:15          Sewer (visited)         Ossuary (visited)

Altars:
Ashenzari
Cheibriados
Dithmenos
Elyvilon
Fedhas
Gozag
Hepliaklqana
Kikubaaqudgha
Makhleb
Nemelex Xobeh
Okawaru
Qazlal
Ru
Sif Muna
Trog
Uskayaw
Vehumet
Wu Jian
Xom
Yredelemnul
Zin
The Shining One
Beogh

Shops:
D:1 !?   D:6 *   D:10 :   Orc:1 :   Orc:2 *!=?[

Portals:
Trove: D:12 (give +6 demon trident)

Annotations:
D:3 2 runed translucent doors, g2d2rocker's ghost, weakling DrBe
Lair:3 Asterion


Innate Abilities, Weirdness & Mutations

You are immune to sickness and miasma.
Your stone body is resilient. (AC +12)
You are immune to poison.
Your large and strong wings let you fly.
You resist negative energy. (rN+)
You are resistant to electric shocks. (rElec)
You are resistant to unholy torment.
You are immune to petrification.
You have a pair of small horns on your head.
You are dopey. (Int -2)
You passively map a small area around you.


Message History

You block Asterion's attack. x2
The cacodemon hits you but does no damage.
You block the cacodemon's attack.
You sock Asterion!
Asterion is lightly wounded.
You are covered in liquid flames!
You are no longer on fire.
Asterion hits you but does no damage. Asterion gores you!
The cacodemon gestures at you.
Strange energies course through your body.
You feel a strange attunement to the structure of the dungeons.
You hit Asterion. Asterion blocks your attack.
Asterion is lightly wounded.
You block Asterion's attack. Asterion gores you. The cacodemon gestures at you.
The bolt of energy hits you. Asterion blocks your attack.
You headbutt Asterion.
Asterion is lightly wounded.
Asterion hits you with a +1 demon blade of electrocution!!
* * * LOW HITPOINT WARNING * * *
You block Asterion's attack. You block the cacodemon's attack.
The cacodemon hits you but does no damage.
Asterion blocks your attack.
Asterion is lightly wounded.
You block Asterion's attack. Asterion gores you but does no damage.
The cacodemon hits you but does no damage.
The cacodemon closely misses you.
Unknown command.
You hit Asterion but do no damage.
Asterion is lightly wounded.
Asterion hits you with a +1 demon blade of electrocution.
* * * LOW HITPOINT WARNING * * *
You block Asterion's attack. You block the cacodemon's attack.
The cacodemon hits you but does no damage.
As you read the scroll of teleportation, it crumbles to dust.
You feel strangely unstable. You block Asterion's attack.
Asterion gores you but does no damage. The cacodemon gestures at you.
The bolt of energy hits you!!
You die...

.........##......................
.........#.......................
......>..#....†..................
###..####....#†#..P..###.........
#####.####....#########P.........
#......###......P...###..........
###........###....##.............
...........##...2........###P....
#.#........##P.H@........# ##....
.....................P..## #....
.........###..........#.# ##...
.........# #.........#### #...
##..#.#### ##.######## ###P
#####. ### ##


You could see Asterion and a cacodemon (summoned).

Vanquished Creatures
  Jorgrun (D:14)
  2 tentacled starspawn (Abyss:3)
  Gastronok (Lair:2)
  An orc warlord (D:12)
  A stone giant (D:13)
  An ettin (D:15)
  2 fire dragons
  7 hydras
  4 vault guards (D:12)
  Fannar (Lair:2)
  4 ogre magi
  A centaur warrior (D:10)
  3 boulder beetles
  4 two-headed ogres
  Erica (Lair:2)
  A catoblepas (Lair:6)
  5 tengu warriors
  5 death yaks (Lair:2)
  Urug (Lair:1)
  2 thrashing horrors (Abyss:3)
  Sonja (Lair:2)
  Nergalle (Orc:2)
  A fire crab (shapeshifter) (D:15)
  A wretched star (Abyss:3)
  A swamp dragon (Lair:6)
  5 skeletal warriors (D:12)
  A deep troll (D:15)
  2 wizards (D:15)
  A lindwurm (Lair:5)
  3 deep elf pyromancers
  2 necromancers
  An orc knight (D:10)
  A wolf spider (Lair:6)
  6 orc sorcerers (Orc:2)
  6 manticores
  A will-o-the-wisp (Abyss:3)
  A worldbinder (Abyss:3)
  13 ugly things
  6 cyclopes
  A guardian serpent (Lair:6)
  An apocalypse crab (Abyss:3)
  A torpor snail (Lair:4)
  15 cane toads
  7 black mambas
  2 kobold demonologists
  5 rime drakes
  An ancient zyme (Abyss:3)
  5 komodo dragons
  A troll (shapeshifter) (D:14)
  A meliai (D:12)
  3 hornets (Lair:6)
  A meliai (shapeshifter) (D:12)
  7 polar bears
  Grinder (D:3)
  A raiju (Abyss:3)
  A wind drake (Lair:2)
  3 trolls
  A tarantella (shapeshifter) (D:12)
  11 blink frogs
  4 dream sheep (Lair:6)
  9 slime creatures
  2 jumping spiders (Lair:3)
  2 meliai zombies
  A centaur simulacrum (D:13)
  7 starcursed masses (Abyss:3)
  15 wyverns
  4 shadows
  A vampire (D:11)
  43 yaks
  3 wraiths
  5 basilisks
  4 steam dragons
  A chaos spawn (Abyss:3)
  4 redbacks
  8 vampire mosquitoes
  3 wargs
  5 large abominations (Abyss:3)
  2 acid dragons
  21 water moccasins
  2 hornet zombies (D:8)
  2 sky beasts
  2 swamp drakes (Lair:6)
  An ice beast (D:5)
  3 black bears
  26 orc warriors
  A tengu (shapeshifter) (D:14)
  5 wolves (Lair:3)
  17 ogres
  4 centaurs
  2 phantoms
  5 kobold brigands
  3 small abominations (Abyss:3)
  2 scorpions
  An earth elemental (Abyss:3)
  12 bullfrogs
  3 gnoll sergeants
  A wyvern zombie (D:7)
  6 water moccasin zombies
  30 killer bees
  A howler monkey (D:9)
  A bullfrog zombie (D:6)
  A human zombie (D:7)
  6 centaur zombies
  2 hounds
  13 orc priests
  A bullfrog skeleton (D:5)
  2 centaur skeletons
  An iron imp (Abyss:3)
  3 human skeletons (D:7)
  4 iguanas
  33 orc wizards
  2 polar bear simulacra (Lair:4)
  7 hell rats (Lair:4)
  3 wolf simulacra (Lair:4)
  2 yak simulacra (Lair:4)
  2 mummies (Ossuary)
  A howler monkey zombie (D:10)
  16 gnolls
  8 adders
  3 river rats (Sewer)
  3 shadow imps (D:7)
  A white imp (D:7)
  2 ufetubi (D:5)
  6 adder zombies (Ossuary)
  3 worms
  A dart slug (D:5)
  87 orcs
  6 ball pythons
  8 bats
  5 endoplasms
  8 giant cockroaches
  2 gnoll zombies (Ossuary)
  5 goblins
  7 hobgoblins
  4 jackals
  4 quokkas
  6 frilled lizards
  A hobgoblin zombie (Ossuary)
  21 kobolds
  4 kobold zombies (Ossuary)
  An orc skeleton (D:7)
  8 orc zombies
  7 rats
  4 river rat simulacra (Lair:4)
759 creatures vanquished.

Vanquished Creatures (others)
  A basilisk (Lair:6)
  An iguana (Lair:6)
  An orc (Orc:2)
  2 foxfires (Abyss:3)
  27 fungi
  47 plants
  4 starspawn tentacles (Abyss:3)
83 creatures vanquished.

Grand Total: 842 creatures vanquished

Notes
Turn   | Place    | Note
-------+----------+-------------------------------------------
     0 | D:1      | quixfox the Gargoyle Fighter began the quest for the Orb.
     0 | D:1      | Reached XP level 1. HP: 14/14 MP: 1/1
   271 | D:1      | Reached XP level 2. HP: 19/19 MP: 2/2
   411 | D:1      | Found Togag's Distillery.
   521 | D:1      | Found Awenoc's Magic Scroll Boutique.
   531 | D:1      | Bought a scroll of magic mapping for 42 gold pieces
   680 | D:1      | Reached XP level 3. HP: 23/23 MP: 3/3
  1012 | D:1      | You fall into a shaft and drop 1 floor!
  1386 | D:2      | Found a faded altar of an unknown god.
  1596 | D:2      | Reached skill level 3 in Maces & Flails
  1733 | D:2      | Reached XP level 4. HP: 29/29 MP: 4/4
  2053 | D:3      | Found a glowing drain.
  2078 | D:3      | Reached XP level 5. HP: 22/33 MP: 5/5
  2082 | D:3      | Noticed Grinder
  2086 | Sewer    | Entered a sewer
  2347 | Sewer    | Noticed a kobold brigand
  2410 | Sewer    | Killed a kobold brigand
  2411 | Sewer    | Reached skill level 4 in Maces & Flails
  2739 | Sewer    | Reached XP level 6. HP: 34/39 MP: 6/6
  3255 | D:3      | Found a blossoming altar of Fedhas.
  3437 | D:3      | Found a large runed translucent door.
  3437 | D:3      | Found a large runed translucent door.
  3438 | D:3      | Noticed g2d2rocker's ghost (weakling DrBe)
  3679 | D:3      | Killed Grinder
  3680 | D:3      | Reached XP level 7. HP: 34/44 MP: 7/7
  3837 | D:4      | Reached skill level 5 in Maces & Flails
  3997 | D:4      | Reached skill level 5 in Fighting
  4455 | D:5      | Entered Level 5 of the Dungeon
  4473 | D:5      | Reached skill level 5 in Armour
  4473 | D:5      | Reached skill level 5 in Shields
  4745 | D:5      | Reached XP level 8. HP: 43/50 MP: 8/8
  5049 | D:5      | Reached skill level 6 in Maces & Flails
  6467 | D:6      | Found Baofoa's CLEARANCE SALE!.
  6493 | D:6      | Reached skill level 7 in Maces & Flails
  6713 | D:6      | Reached XP level 9. HP: 45/56 MP: 9/9
  7317 | D:7      | Found a sand-covered staircase.
  7325 | Ossuary  | Entered an ossuary
  7415 | Ossuary  | Reached skill level 8 in Maces & Flails
  7748 | D:7      | Found a staircase to the Ecumenical Temple.
  7764 | Temple   | Entered the Ecumenical Temple
  7883 | Temple   | Became a worshipper of the Shining One
  8503 | D:7      | Reached skill level 1 in Invocations
  9196 | D:7      | Reached skill level 9 in Maces & Flails
  9196 | D:7      | Reached XP level 10. HP: 62/63 MP: 11/11
  9315 | D:8      | Reached * piety under the Shining One
  9738 | D:8      | Got the Compendium of Harmful Execration
 11260 | D:9      | Noticed a two-headed ogre
 11272 | D:9      | Killed a two-headed ogre
 11273 | D:9      | Reached skill level 10 in Maces & Flails
 11553 | D:10     | Entered Level 10 of the Dungeon
 11687 | D:10     | Reached ** piety under the Shining One
 11687 | D:10     | Noticed a kobold demonologist
 11852 | D:10     | Noticed a smoke demon
 11858 | D:10     | Killed a kobold demonologist
 11889 | D:10     | Reached XP level 11. HP: 66/69 MP: 14/14
 11963 | D:10     | Reached skill level 5 in Invocations
 12000 | D:10     | Noticed a centaur warrior
 12017 | D:10     | Killed a centaur warrior
 12018 | D:10     | Reached skill level 11 in Maces & Flails
 12190 | D:10     | Noticed a fire dragon
 12433 | D:10     | Found Ufeoj's Book Shoppe.
 12433 | D:10     | Noticed a tengu warrior
 12453 | D:10     | Killed a tengu warrior
 12465 | D:10     | HP: 2/71 [fire dragon/blast of flame (25)]
 12872 | D:11     | Noticed a manticore
 12885 | D:11     | Killed a manticore
 13140 | D:11     | Found a staircase to the Lair.
 13143 | D:11     | Noticed an orc knight
 13391 | D:10     | Killed an orc knight
 13753 | D:11     | Noticed a manticore
 13775 | D:11     | Noticed a cyclops
 13784 | D:11     | Killed a manticore
 13786 | D:11     | Reached skill level 12 in Maces & Flails
 13787 | D:11     | Reached *** piety under the Shining One
 13800 | D:11     | Killed a cyclops
 13804 | D:11     | Reached skill level 10 in Armour
 13886 | D:11     | Noticed a boulder beetle
 13929 | D:11     | Killed a boulder beetle
 13930 | D:11     | Reached skill level 10 in Fighting
 13930 | D:11     | Reached XP level 12. HP: 72/77 MP: 17/17
 15600 | D:12     | Found a portal to a secret trove of treasure.
 15881 | D:12     | Noticed a four-headed hydra
 15903 | D:12     | Killed a four-headed hydra
 16044 | D:12     | Reached skill level 13 in Maces & Flails
 16548 | D:12     | Found a staircase to the Orcish Mines.
 17115 | Lair:1   | Entered Level 1 of the Lair of Beasts
 17183 | Lair:1   | Noticed Urug
 17193 | Lair:1   | Killed Urug
 17980 | Lair:1   | Reached XP level 13. HP: 84/84 MP: 19/19
 18565 | Lair:2   | Reached skill level 14 in Maces & Flails
 18901 | Lair:2   | Noticed Sonja
 18946 | Lair:2   | Killed Sonja
 19225 | Lair:2   | Noticed Gastronok
 19243 | Lair:2   | Killed Gastronok
 19428 | Lair:2   | Found a staircase to the Shoals.
 19510 | Lair:2   | Noticed Fannar
 19715 | Lair:2   | Noticed Erica
 19870 | Lair:2   | Killed Erica
 19875 | Lair:2   | Identified the +1 helmet of the Depths {Regen+}
 20207 | Lair:3   | Found a hole to the Spider Nest.
 20339 | Lair:3   | Reached **** piety under the Shining One
 20362 | Lair:3   | Reached skill level 15 in Maces & Flails
 20457 | Lair:3   | Identified the +0 cloak "Mecapni" {rCorr}
 20724 | Lair:3   | Gained mutation: Your large and strong wings let you fly.
                  | [Gargoyle growth]
 20724 | Lair:3   | Reached XP level 14. HP: 92/92 MP: 20/20
 21434 | Lair:4   | Reached ***** piety under the Shining One
 22649 | Lair:6   | Entered Level 6 of the Lair of Beasts
 22876 | Lair:6   | Reached skill level 10 in Shields
 23053 | Lair:6   | Reached skill level 16 in Maces & Flails
 23401 | Lair:6   | Found a staircase to the Slime Pits.
 24134 | Lair:2   | Killed Fannar
 24438 | Orc:1    | Entered Level 1 of the Orcish Mines
 24440 | Orc:1    | Found Idyopnuck's Book Emporium.
 24458 | Orc:1    | Noticed an orc warlord
 24573 | D:12     | Killed an orc warlord
 24574 | D:12     | Reached XP level 15. HP: 99/99 MP: 19/21
 24820 | Orc:2    | Entered Level 2 of the Orcish Mines
 24820 | Orc:2    | Found a staircase to the Elven Halls.
 25361 | Orc:2    | Found Veusos's Assorted Antiques.
 25674 | Orc:2    | Paralysed by an ogre mage for 3 turns
 25691 | Orc:2    | Paralysed by an orc sorcerer for 3 turns
 25863 | Orc:2    | Paralysed by an orc sorcerer for 7 turns
 25892 | Orc:2    | Found Kuydinie's Distillery.
 25960 | Orc:2    | Found Miupneq's Magic Scroll Shoppe.
 26024 | Orc:2    | Found an ancient bone altar of Kikubaaqudgha.
 26025 | Orc:2    | Noticed Nergalle
 26046 | Orc:2    | Killed Nergalle
 26101 | Orc:2    | Found a radiant altar of Vehumet.
 26274 | Orc:2    | Found Moeciru's Antique Armour Emporium.
 26280 | Orc:2    | Found Nuazya's Jewellery Emporium.
 26780 | D:13     | Found a gate to the Vaults.
 27901 | D:14     | Reached ****** piety under the Shining One
 27935 | D:14     | Noticed Jorgrun
 27958 | D:14     | Killed Jorgrun
 28074 | D:14     | Found a glowing silver altar of Zin.
 28497 | D:15     | Entered Level 15 of the Dungeon
 28709 | D:15     | Found a staircase to the Depths.
 28731 | D:15     | Cast into level 3 of the Abyss (a wizard)
 28823 | Abyss:3  | Noticed a tentacled starspawn
 28829 | Abyss:3  | Killed a tentacled starspawn
 28912 | Abyss:3  | Noticed a tentacled starspawn
 28926 | Abyss:3  | Killed a tentacled starspawn
 28990 | Abyss:3  | Paralysed by accursed screaming for 1 turns
 29258 | D:15     | Escaped the Abyss
 29469 | D:15     | Reached XP level 16. HP: 107/107 MP: 22/22
 29652 | D:15     | Reached skill level 15 in Fighting
 29652 | D:15     | Reached skill level 15 in Armour
 30209 | Spider:1 | Entered Level 1 of the Spider Nest
 30209 | Spider:1 | Noticed Asterion
 30262 | Lair:3   | Gained mutation: You are dopey. (Int -2) [a cacodemon]
 30264 | Lair:3   | Gained mutation: You have a pair of small horns on your
                  | head. [a cacodemon]
 30269 | Lair:3   | Gained mutation: You passively map a small area around you.
                  | [a cacodemon]
 30274 | Lair:3   | Blown up by a cacodemon

Illustrated notes

Levels and vault maps discovered:
D:1:      matt_arrival_refuge, layout_rooms, serial_shops, shop,
          nicolae_shop_statue_plus, grunt_decor_fettered,
          chequers_serial_rivers_large_b, minmay_strange_pillars
D:2:      layout_loops_ring, shapermc_ecumenical_altar_pompeii
D:3:      layout_rooms, fedhas_altar_3, ebering_ghost_disaster_area,
          gup_sewer_entry_glass, uniq_grinder
D:4:      layout_rooms
D:5:      layout_cave_pools, serial_bayou_pond_a
D:6:      layout_loops_ring, nicolae_shop_clearance
D:7:      layout_basic, minmay_temple_entry_junction,
          nicolae_ossuary_entry_catacombs
D:8:      layout_basic
D:9:      layout_basic
D:10:     layout_basic, serial_shops, kennysheep_little_box,
          kennysheep_kite_vault
D:11:     layout_basic, lair_entry_dummy, minmay_starry_boxes
D:12:     layout_loops_corners, erik_orc_4, trove_entry_hex_spiral,
          nicolae_concentric_dashed_squares_wild, small_chamber_with_monster,
          hangedman_decor_opposing
D:13:     layout_small_grid, lightli_vaults_fourway_checkpoint,
          kennysheep_just_a_vault
D:14:     layout_gridville, lemuel_round_altar, uniq_jorgrun
D:15:     hangedman_depths_entry_civil_slaughter, layout_small_grid
Temple:   kilobyte_greek_temple
Lair:1:   layout_layer_cave, cheibrodos_lair_caveside_slide, uniq_urug
Lair:2:   layout_cave_pods, minmay_shoals_entry_beasts, serial_bayou_shore_b,
          grunt_megastairs_4, lemuel_fruit_tree, uniq_fannar, uniq_erica,
          uniq_gastronok, uniq_sonja
Lair:3:   layout_cellular_growth, spider_nest_entry_funnel_web,
          cheibrodos_lair_lostbears, grunt_megastairs_2
Lair:4:   layout_regular_city, eino_house_with_fridge, grunt_megastairs_3,
          serial_bayou_shore_a
Lair:5:   layout_gridlike, minmay_hedge_maze
Lair:6:   guppyfry_lair_end_dragon, layout_hall_layers,
          hangedman_lair_tendril_chambers, dpeg_slime_entry_corner,
          dreamdust_deal_with_the_devil, lemuel_fruit_fields,
          lemuel_fruit_fields
Spider:1: layout_cave_pods, guppyfry_spider_mini_2, uniq_asterion
Orc:1:    layout_caves, serial_shops, shop_fountains
Orc:2:    kennysheep_orc_mage_school, layout_caves, serial_shops,
          nicolae_square_shop, basic_altar

Skill      XL: |  1  2  3  4  5  6  7  8  9 10 11 12 13 14 15 16 |
---------------+-------------------------------------------------+-----
Maces & Flails | 3 4 5 7 9 10 12 13 15 16 | 16.6
Fighting       | 4 5 6 7 8 10 11 12 13 14 15 | 15.1
Armour         | 4 5 6 7 8 10 11 12 13 14 15 | 15.1
Shields        | 4 5 6 7 9 10 12 13 | 13.0
Invocations    | 2 4 6 8 |  8.0

Action                   |  1- 3 |  4- 6 |  7- 9 | 10-12 | 13-15 | 16-18 || total
-------------------------+-------+-------+-------+-------+-------+-------++-------
Melee: Flail             |   128 |   177 |       |       |       |       ||   305
       Morningstar       |       |    18 |   479 |   710 |  1485 |   116 ||  2808
       Headbutt          |       |       |       |       |       |     1 ||     1
 Fire: Hand crossbow     |       |       |       |    37 |    84 |     2 ||   123
Throw: Javelin           |       |       |     1 |     5 |       |       ||     6
       Throwing net      |       |       |       |     2 |       |       ||     2
       Boomerang         |       |       |       |     3 |     5 |       ||     8
Invok: Divine Shield     |       |       |       |     4 |     8 |     2 ||    14
       Cleansing Flame   |       |       |       |     1 |       |     1 ||     2
Evoke: Wand              |       |       |       |     1 |       |       ||     1
  Use: Scroll            |       |     8 |    14 |     9 |     5 |     2 ||    38
       Potion            |       |     1 |     1 |     5 |     2 |     3 ||    12
Armor: Scale mail        |    83 |       |       |       |       |       ||    83
       Chain mail        |       |   120 |   160 |       |       |       ||   280
       Plate armour      |       |       |   164 |   403 |   805 |    65 ||  1437
Dodge: Dodged            |    68 |    64 |   141 |   238 |   428 |    16 ||   955
Block: Buckler           |    28 |    43 |   110 |       |       |       ||   181
       Kite shield       |       |       |    26 |   503 |   250 |       ||   779
       Tower shield      |       |       |       |       |  1134 |   100 ||  1234
